 Dungeon Crawl Stone Soup version 0.23.0-3-gf3c87f2df8 (webtiles) character file.

Game seed: 14929456202510699874

9377 BugRemover the Protected (level 11, -5/98 (99) HPs)
             Began as a Minotaur Fighter on Feb 20, 2019.
             Was a Priest of Trog.
             Killed from afar by a rakshasa (illusionary) (22 damage)
             ... with an orb of energy
             ... on level 9 of the Dungeon on Feb 21, 2019.
             The game lasted 01:05:05 (10333 turns).

BugRemover the Protected (Minotaur Fighter)        Turns: 10333, Time: 01:05:05

HP:   -5/98 (99)    AC: 16    Str: 30    XL:     11   Next: 22%
MP:   10/10         EV: 11    Int:  5    God:    Trog [***...]
Gold: 528           SH:  0    Dex: 10    Spells: 10/10 levels left

rFire    . . .     SeeInvis .   W - +4 dire flail (freeze)
rCold    . . .     Gourm    .   (shield currently unavailable)
rNeg     . . .     Faith    .   q - +1 chain mail
rPois    .         Spirit   .   (helmet restricted)
rElec    .         Reflect  .   (no cloak)
rCorr    .         Harm     .   (no gloves)
MR       ++...                  e - +2 pair of boots
Stlth    ..........             (no amulet)
HPRegen  1.26/turn              I - +6 ring of strength
MPRegen  0.12/turn              u - +2 ring of evasion

@: regenerating
A: retaliatory headbutt, horns 2
a: Berserk, Trog's Hand, Renounce Religion


You were on level 9 of the Dungeon.
You worshipped Trog.
Trog was most pleased with you.
You were not hungry.

You visited 1 branch of the dungeon, and saw 9 of its levels.

You collected 528 gold pieces.

Inventory:

Hand Weapons
 a - a +0 flail
 k - a +0 trident
 w - a +0 trident of venom
 y - a +0 war axe
 B - the +4 shortbow "Reffexare" {freeze, Dex+2, unknown}
   (You found it on level 4 of the Dungeon)

   It causes projectiles fired from it to freeze those they strike, causing
   extra injury to most foes and up to half again as much damage against
   particularly susceptible opponents.
   They can also slow down cold-blooded creatures.
   It affects your dexterity (+2).
 D - a +2 great sword
 E - a +3 dire flail of freezing
 H - a -1 morningstar
 J - a +0 hand axe of chopping
 K - a +1 vampiric hand axe
 R - a +1 antimagic hand axe
 S - a +4 quarterstaff of chaos
 W - a +4 dire flail of freezing (weapon)
 X - a +1 long sword of holy wrath
Missiles
 j - 8 javelins of returning (quivered)
Armour
 b - a +0 scale mail
 e - a +2 pair of boots (worn)
 l - a +0 chain mail
 q - a +1 chain mail (worn)
 L - a +0 troll leather armour
 T - a +0 ring mail
Magical Staves
 U - an uncursed staff of energy {unknown}
Jewellery
 n - an uncursed ring of see invisible {unknown}
 r - an uncursed ring of wizardry
 u - a +2 ring of evasion (right hand)
 I - a +6 ring of strength (left hand)
Wands
 o - a wand of paralysis (6)
 O - a wand of iceblast (12)
 Q - a wand of digging (6)
Scrolls
 c - a scroll of teleportation
 g - 13 scrolls of identify
 m - 2 scrolls of blinking
 t - 2 scrolls of amnesia
 v - a scroll of random uselessness {unknown}
 A - a scroll of enchant armour
 C - 4 scrolls of remove curse
 F - 2 scrolls of immolation
 G - 2 scrolls of magic mapping
 N - a scroll of torment
Potions
 d - 2 potions of might
 h - a potion of mutation
 i - 3 potions of curing {unknown}
 p - a potion of brilliance {unknown}
 s - a potion of flight {unknown}
 x - a potion of haste {unknown}
 z - a potion of resistance {unknown}
 M - 2 potions of heal wounds {unknown}
 P - 2 potions of cancellation {unknown}
 V - a potion of agility {unknown}
Comestibles
 f - 10 rations


   Skills:
 * Level 9.8 Fighting
 - Level 10.3(11.6) Axes
 * Level 8.8(10.8) Maces & Flails
 - Level 0.3(6.5) Polearms
 + Level 1.0 Throwing
 * Level 10.7 Armour
 - Level 0.3 Dodging
   Level 9.4 Shields


You had 10 spell levels left.
You didn't know any spells.
Your spell library contained the following spells:

 Spells                   Type           Power        Failure   Level  Hunger
 Corona                   Hex            #......      90%         1    ##.....
 Slow                     Hex            #.......     97%         2    ###....
 Inner Flame              Hex/Fire       #.......     99%         3    ####...
 Portal Projectile        Hex/Tloc       #.....       99%         3    ####...
 Cause Fear               Hex            #.........   100%        4    #####..
 Leda's Liquefaction      Hex/Erth       #.........   100%        4    #####..


Dungeon Overview and Level Annotations

Branches:
Dungeon (9/15)             Temple (0/1) D:4
   Lair: D:8-11         Orc: D:9-12

Altars:
Dithmenos
Fedhas
Ru
Sif Muna
Trog

Shops:
D:4 :   D:7 ![!!

Annotations:
D:9 1 transporter


Innate Abilities, Weirdness & Mutations

You reflexively headbutt those who attack you in melee.
You have a pair of horns on your head.


Message History

The vampire mosquito is moderately damaged.
The vampire mosquito bites you but does no damage.
The vampire mosquito barely misses you. You furiously retaliate!
You headbutt the vampire mosquito. You bludgeon the vampire mosquito!!
You freeze the vampire mosquito.
The vampire mosquito is severely damaged.
The vampire mosquito bites you but does no damage.
You sock the vampire mosquito! You freeze the vampire mosquito!
You destroy the vampire mosquito!
The vampire mosquito's corpse shimmers and vanishes!
You barely miss the rakshasa.
The rakshasa is severely wounded.
The rakshasa blinks!
The rakshasa gestures at you. The orb of energy misses you.
The orb of energy explodes!
Items here: ( ) †† a +0 arbalest; 18 bolts; a yaktaur corpse; a vampire mosquito corpse The rakshasa gestures at you.
The orb of energy hits you!!
You die...

.....###.# #...##
)....'.#.####....############
.....'...#.....©.............
§§§§.#.#...#########.....#####
§§§..#.#..##8.....8##..)......
§§≈..##...#©......y.#.####.###
§§≈..###..#.##...##.#...# #
≈≈§§.##...#.##...##.#)#.#
.....#.#..#.R..R@)(.#.#.#.#
.....# ##.#.##...##.#....#
#########.#.##...##.#.#.##
..[.(.....#.........#.#.#
#########.##8.}!?.8##.#%#####
#..#########.......).
#......©.....##.#####
.####...###.# .#
####.####.##.#


You could see 2 rakshasas.

Vanquished Creatures
  A yaktaur captain (D:9)
  Harold (D:7)
  A two-headed ogre (D:9)
  The ghost of PentaManta the Swashbuckler, a journeyman KoBe of Trog (D:9)
  Pikel (D:5)
  A troll (D:6)
  2 hornets (D:8)
  Prince Ribbit (D:8)
  A hippogriff (D:7)
  A wyvern (D:9)
  A vampire mosquito (D:9)
  A hungry ghost (D:9)
  2 soldier ants (D:8)
  Menkaure (D:7)
  A black bear (D:9)
  2 orc warriors
  2 sky beasts
  3 slaves (D:5)
  2 necrophages
  2 phantoms
  6 ogres
  A centaur (D:9)
  2 bullfrogs
  A wyvern skeleton (D:6)
  5 scorpions
  14 wights
  A howler monkey (D:9)
  A lava snake (D:9)
  2 bullfrog zombies (D:5)
  A jelly (D:6)
  5 crimson imps
  A centaur zombie (D:8)
  2 hounds (D:8)
  12 orc priests
  Crazy Yiuf (D:7)
  2 bullfrog skeletons
  A centaur skeleton (D:5)
  12 orc wizards
  A gnoll shaman (D:6)
  6 iguanas
  Terence (D:2)
  4 worker ants
  A killer bee zombie (D:5)
  A hound skeleton (D:5)
  2 howler monkey zombies
  2 worker ant zombies
  10 gnolls
  17 adders
  4 shadow imps
  An adder skeleton (D:4)
  3 worms (D:2)
  5 dart slugs
  6 leopard geckos
  49 orcs
  6 giant cockroaches
  6 goblins
  9 hobgoblins
  6 jackals
  6 quokkas
  11 bats
  5 frilled lizards
  5 kobolds
  A leopard gecko skeleton (D:7)
  A leopard gecko zombie (D:5)
  A quokka skeleton (D:8)
  2 rats
270 creatures vanquished.

Notes
Turn   | Place    | Note
-------+----------+-------------------------------------------
     0 | D:1      | BugRemover the Minotaur Fighter began the quest for the
                  | Orb.
     0 | D:1      | Reached XP level 1. HP: 19/19 MP: 0/0
   246 | D:1      | Reached XP level 2. HP: 25/27 MP: 1/1
   465 | D:1      | Reached XP level 3. HP: 25/33 MP: 2/2
   695 | D:2      | Noticed Terence
   707 | D:2      | Killed Terence
   707 | D:2      | Reached XP level 4. HP: 31/40 MP: 3/3
   863 | D:2      | Found a deep blue altar of Sif Muna.
  1079 | D:2      | Found a shadowy altar of Dithmenos.
  1703 | D:3      | Found a bloodstained altar of Trog.
  1707 | D:3      | Reached skill level 5 in Shields
  1707 | D:3      | Reached XP level 5. HP: 47/47 MP: 4/4
  1713 | D:3      | Became a worshipper of Trog the Wrathful
  2242 | D:3      | Reached skill level 1 in Throwing
  2537 | D:4      | Found a staircase to the Ecumenical Temple.
  2615 | D:4      | Reached skill level 5 in Armour
  2921 | D:4      | Reached XP level 6. HP: 53/53 MP: 5/5
  3066 | D:4      | Got a fine shortbow
  3083 | D:4      | Found Emerhen's Book Boutique.
  3279 | D:4      | Reached skill level 1 in Axes
  3417 | D:4      | Reached skill level 5 in Fighting
  3504 | D:4      | Reached XP level 7. HP: 41/61 MP: 6/6
  3510 | D:4      | Reached * piety under Trog
  4022 | D:5      | Entered Level 5 of the Dungeon
  4270 | D:5      | Reached skill level 5 in Maces & Flails
  4703 | D:5      | Reached XP level 8. HP: 66/70 MP: 7/7
  4723 | D:5      | Noticed Pikel
  4731 | D:5      | Reached ** piety under Trog
  4758 | D:5      | Killed Pikel
  4941 | D:5      | Found a blossoming altar of Fedhas.
  5311 | D:6      | Reached XP level 9. HP: 36/79 MP: 8/8
  5655 | D:6      | Noticed a troll
  5670 | D:6      | Killed a troll
  5670 | D:6      | Reached skill level 5 in Axes
  5800 | D:6      | Found a sacrificial altar of Ru.
  6022 | D:7      | Noticed Harold
  6050 | D:7      | Killed Harold
  6050 | D:7      | Reached *** piety under Trog
  6460 | D:7      | Found Kiopos's Distillery.
  6461 | D:7      | Noticed Menkaure
  6624 | D:7      | Killed Menkaure
  6841 | D:7      | Found Ibunin's Distillery.
  6861 | D:7      | Reached XP level 10. HP: 85/88 MP: 9/9
  6896 | D:7      | Found Rasmon's Antique Armour Shoppe.
  7019 | D:7      | Found Obood's Distillery.
  7058 | D:7      | Found a runed translucent door.
  7059 | D:7      | Noticed Crazy Yiuf
  7063 | D:7      | Killed Crazy Yiuf
  7968 | D:8      | Reached **** piety under Trog
  8004 | D:8      | Noticed Prince Ribbit
  8030 | D:8      | Killed Prince Ribbit
  8665 | D:8      | Paralysed by a hornet for 1 turns
  8674 | D:8      | Paralysed by a hornet for 3 turns
  8687 | D:8      | HP: 4/91 [poisoned by a hornet]
  8692 | D:8      | HP: 1/91 [poisoned by a hornet]
  8697 | D:8      | HP: 2/91 [poisoned by a hornet]
  8702 | D:8      | HP: 4/91 [poisoned by a hornet]
  8708 | D:8      | HP: 2/91 [poisoned by a hornet]
  8713 | D:8      | HP: 2/91 [poisoned by a hornet]
  8720 | D:8      | HP: 1/91 [poisoned by a hornet]
  8728 | D:8      | HP: 1/91 [poisoned by a hornet]
  9225 | D:9      | Received a gift from Trog
  9240 | D:9      | Reached skill level 10 in Axes
  9353 | D:9      | Noticed a yaktaur captain
  9355 | D:9      | Noticed a rakshasa
  9358 | D:9      | Noticed PentaManta's ghost (journeyman KoBe)
  9361 | D:9      | Found a transporter.
  9387 | D:9      | Found a transporter.
 10057 | D:9      | Noticed a two-headed ogre
 10066 | D:9      | Killed a two-headed ogre
 10066 | D:9      | Reached skill level 10 in Armour
 10066 | D:9      | Reached XP level 11. HP: 53/96 MP: 10/10
 10306 | D:9      | Killed PentaManta's ghost
 10314 | D:9      | Killed a yaktaur captain
 10333 | D:9      | Killed from afar by a rakshasa (illusionary)

Skill      XL: |  1  2  3  4  5  6  7  8  9 10 |
---------------+-------------------------------+-----
Fighting       | 4 5 6 7 8 9 |  9.8
Shields        | 4 5 6 8 9 |  9.4
Armour         | 4 5 6 7 8 10 | 10.7
Maces & Flails | 3 5 8 |  8.8
Throwing       | 1 |  1.0
Axes           | 2 3 4 7 10 | 10.3
Polearms       | |  0.3
Dodging        | |  0.3

Action                   |  1- 3 |  4- 6 |  7- 9 | 10-12 || total
-------------------------+-------+-------+-------+-------++-------
Melee: Flail             |    84 |    82 |       |       ||   166
       Headbutt          |     6 |    26 |    76 |    89 ||   197
       Trident           |       |    28 |       |       ||    28
       War axe           |       |    52 |    29 |       ||    81
       Dire flail        |       |       |    93 |    45 ||   138
       Hand axe          |       |       |   200 |   313 ||   513
Throw: Javelin           |     8 |       |       |       ||     8
Invok: Trog's Hand       |       |       |       |     3 ||     3
       Brothers in Arms  |       |       |       |     1 ||     1
  Use: Scroll            |     5 |     1 |     2 |    11 ||    19
  Eat: Chunk             |       |     3 |       |     5 ||     8
       Ration            |       |     2 |     4 |     4 ||    10
Armor: Scale mail        |    63 |     2 |       |       ||    65
       Chain mail        |       |    63 |   122 |    96 ||   281
Dodge: Dodged            |    34 |    36 |    92 |    73 ||   235
Block: Shield            |    64 |    73 |   104 |   134 ||   375
